 Dungeon Crawl Stone Soup version 0.26.0-10-g1f06aea511 (webtiles) character file.

Game seed: 8283012156936040643

117 vatarom the Skirmisher (level 4, -4/38 HPs)
             Began as a Demonspawn Abyssal Knight on Jan 17, 2021.
             Was a Believer of Lugonu.
             Slain by an ogre
             ... wielding a +0 giant club
              (12 damage)
             ... on level 3 of the Dungeon.
             The game lasted 00:04:36 (3734 turns).

vatarom the Skirmisher (Demonspawn Abyssal Knight)  Turns: 3734, Time: 00:04:37

Health: -4/38      AC:  5    Str: 14    XL:     4   Next: 71%
Magic:  5/5        EV: 11    Int: 13    God:    Lugonu [**....]
Gold:   129        SH:  0    Dex: 18    Spells: 3/3 levels left

rFire    . . .     SeeInvis .   n - +0 morningstar
rCold    . . .     Faith    +   (no shield)
rNeg     . . .     Spirit   .   b - +0 leather armour
rPois    .         Reflect  .   (no helmet)
rElec    .         Harm     .   (no cloak)
rCorr    .         Rampage  .   (no gloves)
Will     +....                  f - +0 pair of boots
Stlth    +.........             j - amulet of faith
HPRegen  0.12/turn              e - +6 ring of dexterity
MPRegen  0.09/turn              o - ring of willpower

@: no status effects
A: rugged brown scales 1, powered by pain 1
a: Renounce Religion, Depart the Abyss, Bend Space


You were on level 3 of the Dungeon.
You worshipped Lugonu.
Lugonu was pleased with you.
You visited 1 branch of the dungeon, and saw 3 of its levels.
You visited the Abyss 1 time.

You collected 129 gold pieces.

Inventory:

Hand Weapons
 n - a +0 morningstar (weapon)
Missiles
 i - 7 poisoned darts
 p - 2 boomerangs
Armour
 b - a +0 leather armour (worn)
 f - a +0 pair of boots (worn)
Jewellery
 e - a +6 ring of dexterity (left hand)
 j - an amulet of faith (around neck)
 l - a +6 ring of dexterity
 o - a ring of willpower (right hand)
Wands
 m - a wand of disintegration (7)
 r - a wand of iceblast (5) {@v4}
Scrolls
 a - a scroll of remove curse {@r2}
 d - 4 scrolls of teleportation {@r3}
 h - a scroll of enchant weapon {unknown}
 q - 2 scrolls of enchant armour {unknown}
Potions
 c - a potion of magic
 g - a potion of attraction
 k - 3 potions of flight


   Skills:
 + Level 3.9 Fighting
 * Level 3.8 Maces & Flails
 - Level 1.8 Armour
 - Level 0.9 Dodging
 - Level 2.4 Invocations


You had 3 spell levels left.
You didn't know any spells.
Your spell library was empty.

Dungeon Overview and Level Annotations

Branches:
Dungeon (3/15)

Altars:
Dithmenos
Elyvilon
Fedhas
Yredelemnul


Innate Abilities, Weirdness & Mutations

You are partially covered in rugged brown scales. (AC +1, +3% HP)
You sometimes gain a little power by taking damage.


Message History

The ogre is heavily wounded.
You hear an angry hiss.
Evoke which item? (* to show all) (? for menu, Esc to quit)
Aiming: Disintegrate
Press: ? - help, Shift-Dir - straight line, f/p - ogre
Aim: an ogre, wielding a +0 giant club (heavily wounded, chance to affect: 65%)
The ogre struggles to resist.
Evoke which item? (* to show all) (? for menu, Esc to quit)
Aiming: Disintegrate
Press: ? - help, Shift-Dir - straight line, f/p - ogre
Aim: an ogre, wielding a +0 giant club (heavily wounded, chance to affect: 65%)
The ogre struggles to resist.
An adder comes into view.
You sock the ogre!
The ogre is almost dead.
The ogre hits you with a +0 giant club!!
Ouch! That really hurt!
* * * LOW HITPOINT WARNING * * *
The adder misses you. The ogre hits you with a +0 giant club!
You die...

###.###.#......###############
...............#
..#.#...._#.#.. ..........##
.##.###...>... ............. .
. #...... ..........##.# ##
.....# ..<......## . .##..(
.##.....##


You could see an ogre and an adder.

Vanquished Creatures
  4 adders
  2 oozes
  3 worms (D:2)
  2 leopard geckos (D:1)
  4 orcs (D:3)
  2 ball pythons
  6 giant cockroaches
  8 hobgoblins
  3 kobolds (D:1)
  2 quokkas (D:2)
  11 bats
  6 frilled lizards
  3 goblins
  5 rats
61 creatures vanquished.

Notes
Turn   | Place    | Note
-------+----------+-------------------------------------------
     0 | Abyss:1  | vatarom the Demonspawn Abyssal Knight began the quest for
                  | the Orb.
     0 | Abyss:1  | Reached XP level 1. HP: 18/18 MP: 2/2
     4 | D:1      | Escaped the Abyss
   380 | D:1      | Gained mutation: You are partially covered in rugged brown
                  | scales. (AC +1, +3% HP) [demonic ancestry]
   380 | D:1      | Reached XP level 2. HP: 12/24 MP: 3/3
  1428 | D:2      | Reached XP level 3. HP: 28/29 MP: 4/4
  1488 | D:2      | Reached ** piety under Lugonu
  1665 | D:2      | Found a white marble altar of Elyvilon.
  2151 | D:2      | Gained mutation: You sometimes gain a little power by
                  | taking damage. [demonic ancestry]
  2151 | D:2      | Reached XP level 4. HP: 36/38 MP: 5/5
  2212 | D:2      | Found a basalt altar of Yredelemnul.
  2587 | D:2      | Found a blossoming altar of Fedhas.
  2783 | D:2      | Found a basalt altar of Yredelemnul.
  3485 | D:3      | Found a shadowy altar of Dithmenos.
  3493 | D:3      | Noticed an ogre
  3734 | D:3      | Slain by an ogre

Illustrated notes

Levels and vault maps discovered:
D:1:      lemuel_arrival_tunnels, layout_basic, nrook_campfire,
          hangedman_decor_points, st_stairs_2, minmay_misc_feat_rugged,
          bh_walls_and_bars
D:2:      layout_loops_corners, kennysheep_ying_yang, kennysheep_flooded_box,
          fedhas_altar_2
D:3:      layout_rooms, overflow_temple_1_default, minmay_shallow_snake_nest

Skill      XL: |  1  2  3 |
---------------+----------+-----
Maces & Flails | 2 3 |  3.8
Fighting       | |  3.9
Armour         | |  1.8
Dodging        | |  0.9
Invocations    | |  2.4

Action                   |  1- 3 |  4- 6 || total
-------------------------+-------+-------++-------
Melee: Mace              |   121 |    65 ||   186
       Morningstar       |       |    10 ||    10
Throw: Dart              |       |     5 ||     5
Evoke: Wand              |       |     4 ||     4
  Use: Scroll            |     3 |     4 ||     7
       Potion            |       |     1 ||     1
 Stab: Sleeping          |     6 |     3 ||     9
Armor: Leather armour    |    46 |    28 ||    74
Dodge: Dodged            |    83 |    60 ||   143
